AoeStats
← LeMont d'Ettinge

QS Arena

503159768Analyzed
1v1 RM · 1mo ago on Aug 30, 2026· 36m 2s· 2 players
Game mode
Random Map
Map size
Tiny (2 player)
Population
200
Speed
Normal
Resources
Standard
Victory
Conquest
Starting age
Dark Age
Ending age
Imperial Age
RankedLock teamsTeams togetherTeam positionsShared explorationLock speedFull tech treeHidden civsTurbo modeCheats
Victory
Defeat
🇦🇷 Britons · Argentina
875
+15
🇨🇭 Goths · Switzerland
856
-41
LeMont d'Ettinge
1:48 Loom
8:52 Feudal Age
10:22 Double-Bit Axe
11:11 Horse Collar
12:39 Town Watch
15:16 Castle Age
23:42 Pikeman
27:38 Forging
28:30 Anarchy
29:06 Heavy Plow
30:40 Scale Mail Armor
RONNIE.-
9:19 Feudal Age
14:07 Castle Age
12:19 Double-Bit Axe
15:44 Bow Saw
19:07 Wheelbarrow
18:20 Loom
20:16 Ballistics
22:03 Fletching
22:57 Bodkin Arrow
24:39 Hand Cart
24:57 Padded Archer Armor
31:34 Imperial Age
28:51 Town Watch
30:43 Leather Archer Armor
32:16 Bracer
32:47 Ring Archer Armor
31:44 Man-at-Arms
32:10 Gambesons
32:46 Scale Mail Armor
32:57 Forging
32:29 Long Swordsman
34:18 Two-Handed Swordsman
Connection lost

Rejoining the realm…

Still unreachable

The connection could not be restored.

Session expired

The server has moved on; the page needs a fresh start.